 Dungeon Crawl Stone Soup version 0.31-a0-609-g7bf6ffcfed (webtiles) character file.

Game seed: 12367099873447634429

269 Dittersdorf the Covered (level 6, -5/39 HPs)
             Began as a Gargoyle Fighter on Aug 21, 2023.
             Was an Initiate of the Shining One.
             Killed by divine providence
             ... invoked by an orc priest
              (14 damage)
             ... on level 4 of the Dungeon.
             The game lasted 00:03:21 (2748 turns).

Dittersdorf the Covered (Gargoyle Fighter)          Turns: 2748, Time: 00:03:21

Health: -5/39      AC: 15    Str: 21    XL:     6   Next: 22%
Magic:  6/6        EV:  8    Int:  9    God:    the Shining One [......]
Gold:   197        SH:  4    Dex:  9    Spells: 5/5 levels left

rFire   . . .        a - +0 flail
rCold   . . .        c - +0 buckler
rNeg    + . .        r - +0 chain mail
rPois   ∞            (no helmet)
rElec   +            (no cloak)
rCorr   .            (no gloves)
SInv    .            j - +0 pair of boots
Will    .....        (no amulet) Stlth
                     (no ring)
HPRegen 0.26/turn    (no ring)
MPRegen 0.10/turn

%: no passive effects
@: glowing
A: sickness immunity, AC +4, negative energy resistance 1, electricity
resistance, torment resistance 1, petrification resistance
a: Renounce Religion


You were on level 4 of the Dungeon.
You worshipped the Shining One.
The Shining One was noncommittal.
You visited 1 branch of the dungeon, and saw 4 of its levels.

You collected 197 gold pieces.

Inventory:

Hand Weapons
 a - a +0 flail (weapon)
Missiles
 g - 8 poisoned darts
Armour
 c - a +0 buckler (worn)
 j - a +0 pair of boots (worn)
 r - a +0 chain mail (worn)
Wands
 s - a wand of quicksilver (8)
Scrolls
 e - 7 scrolls of identify {unknown}
 f - a scroll of poison {unknown}
 h - a scroll of revelation {unknown}
 i - 2 scrolls of teleportation {unknown}
 n - a scroll of blinking {unknown}
 q - 2 scrolls of noise {unknown}
 t - a scroll of vulnerability {unknown}
Potions
 b - a potion of lignification {unknown}
 d - a potion of might
 k - a potion of haste {unknown}
 l - 2 potions of curing {unknown}
 m - 2 potions of brilliance {unknown}
 o - a potion of attraction {unknown}
 p - a potion of magic {unknown}
 u - a potion of heal wounds {unknown}


   Skills:
 + Level 4.6 Fighting
 + Level 3.6 Maces & Flails
 + Level 4.6 Armour
 + Level 4.6 Shields


You had 5 spell levels left.
You didn't know any spells.
Your spell library contained the following spells:

 Spells                   Type           Power      Damage    Failure   Level
 Lesser Beckoning         Tloc           0%         N/A       99%         2
 Gell's Gravitas          Tloc           0%         N/A       100%        3
 Teleport Other           Tloc           0%         N/A       100%        3


Dungeon Overview and Level Annotations

Branches:
Dungeon (4/15)
 Temple: D:4-7

Altars:
Uskayaw
The Shining One

Annotations:
D:4 2 runed translucent doors, gebbletook2's ghost, amateur OpSh


Innate Abilities, Weirdness & Mutations

You are immune to sickness and miasma.
Your stone body is resilient. (AC +4)
You are immune to poison.
You resist negative energy. (rN+)
You are resistant to electric shocks. (rElec)
You are resistant to unholy torment.
You are immune to petrification.


Message History

You are too injured to fight recklessly!
You sock the orc wizard!
The orc wizard is heavily wounded.
The orc priest calls upon Beogh to heal the orc wizard.
The orc wizard is healed somewhat.
The orc wizard hits you but does no damage.
You barely miss the orc wizard.
The orc wizard is moderately wounded.
The orc wizard hits you but does no damage.
You closely miss the orc wizard.
The orc wizard is lightly wounded.
The orc wizard closely misses you.
You hit the orc wizard but do no damage.
The orc wizard is lightly wounded.
The orc wizard casts a spell.
The orc wizard flickers and vanishes for a moment.
You sock the orc wizard!
The orc wizard is almost dead.
The orc wizard hits you but does no damage.
The orc wizard casts a spell at you. The magic dart hits you!
* * * LOW HITPOINT WARNING * * *
You barely miss the orc wizard.
The orc wizard is almost dead.
The orc wizard barely misses you.
You hit the orc wizard.
You kill the orc wizard!
Reactivating autopickup.
You hit the orc priest.
The orc priest is heavily wounded.
The orc priest closely misses you.
You hit the orc priest.
The orc priest is heavily wounded.
You block the orc priest's attack.
The orc priest hits you but does no damage.
You hit the orc priest.
The orc priest is severely wounded.
The orc priest mumbles some strange prayers to Beogh against you.
Beogh smites you!
You die...

.....#~~~#.....#
.....#~~~# ...
.>...#~$~#....#
.....#~~~#....#
.....#~~~#....#
.....#~SW#....#
.....#SFr#....#
.....##+##....#######...
#............(..@o{oo...
....###........#######..
#...####.#.##...#
#........#.##......#
.<.......†..####.#..#
#########......#.# ...
#......... .. .)......
#. . #....... .#


You could see an orc priest and 2 orcs.

Vanquished Creatures
  A phantom (D:4)
  An iguana (D:4)
  2 orc wizards (D:4)
  3 gnolls (D:2)
  3 adders
  3 worms
  8 orcs
  3 endoplasms
  3 giant cockroaches
  6 goblins
  2 hobgoblins
  3 jackals (D:3)
  3 kobolds
  A quokka (D:1)
  4 ball pythons
  A bat (D:1)
  2 frilled lizards
  7 rats
56 creatures vanquished.

Notes
Turn   | Place    | Note
-------+----------+-------------------------------------------
     0 | D:1      | Dittersdorf the Gargoyle Fighter began the quest for the
                  | Orb.
     0 | D:1      | Reached XP level 1. HP: 14/14 MP: 1/1
   257 | D:1      | Found a faded altar of an unknown god.
   344 | D:1      | Reached XP level 2. HP: 19/19 MP: 2/2
   953 | D:2      | Reached XP level 3. HP: 23/23 MP: 3/3
  1129 | D:2      | Reached XP level 4. HP: 29/29 MP: 4/4
  1514 | D:2      | Found a glowing golden altar of the Shining One.
  1527 | D:2      | Became a worshipper of the Shining One
  1950 | D:3      | Found a hide-covered altar of Uskayaw.
  2091 | D:3      | HP: 1/29 [orc/+0 flail (6)]
  2493 | D:4      | Found a runed translucent door.
  2494 | D:4      | Noticed a bullfrog
  2495 | D:4      | Noticed gebbletook2's ghost (amateur OpSh)
  2505 | D:4      | Reached XP level 5. HP: 26/33 MP: 5/5
  2696 | D:4      | Noticed a phantom
  2709 | D:4      | Killed a phantom
  2710 | D:4      | Reached XP level 6. HP: 39/39 MP: 6/6
  2713 | D:4      | Found a runed translucent door.
  2748 | D:4      | Killed from afar by an orc priest

Illustrated notes

Levels and vault maps discovered:
D:1:      dpeg_arrival_boxes_within_box, layout_loops_cross,
          hellmonk_ecumenical_altar_pennies_from_heaven
D:2:      layout_loops_ring, basic_altar, serial_bayou_lagoon_a,
          serial_bayou_lagoon_b
D:3:      layout_loops_ring, mainiacjoe_overflow_24_doors, nrook_campfire
D:4:      layout_rooms, ebering_ghost_sewer_f, uniq_ijyb, uniq_blork_the_orc

Skill      XL: |  1  2  3  4 |
---------------+-------------+-----
Fighting       | 4 |  4.6
Shields        | 4 |  4.6
Armour         | 4 |  4.6
Maces & Flails | 3 |  3.6

Action                     |  1- 3 |  4- 6 || total
---------------------------+-------+-------++-------
  Melee: Flail             |    98 |   172 ||   270
 Armour: Scale mail        |    49 |       ||    49
         Chain mail        |       |    98 ||    98
  Dodge: Dodged            |    47 |    63 ||   110
  Block: Buckler           |    29 |    34 ||    63

Table legend: (Time is in decaauts)
 A = Elapsed time spent in this place.
 B = Non-inter-level travel time spent in this place.
 C = Inter-level travel time spent in this place.
 D = Time resting spent in this place.
 E = Time spent auto-exploring this place.
 F = Levels seen in this place.
 G = Mean time per level.
                   A        B        C        D        E       F      G
               +--------+--------+--------+--------+--------+-----+--------+
         Total |   2849 |   2699 |    150 |    176 |   1943 |   4 |  712.2 |
       Dungeon |   2849 |   2699 |    150 |    176 |   1943 |   4 |  712.2 |
               +--------+--------+--------+--------+--------+-----+--------+

Top non-repeatable levels by time:
     D:3: 915 daAuts
     D:1: 904 daAuts
     D:2: 760 daAuts
     D:4: 269 daAuts
